 Dungeon Sprint DCSS version 0.28.0-53-g5a82cb258f (webtiles) character file.

Game seed: 10383099773322798784

25 Plasmagod the Skirmisher (level 2, 0/29 HPs)
             Began as a Minotaur Fighter on July 15, 2022.
             Slain by an ice beast (5 damage)
             ... in the Dungeon (Sprint I: "Red Sonja").
             The game lasted 00:00:37 (25 turns).

Plasmagod the Skirmisher (Minotaur Fighter)           Turns: 25, Time: 00:00:37

Health: 0/29       AC:  0    Str: 20    XL:     2   Next: 82%
Magic:  1/1        EV: 13    Int:  5    God:
Gold:   0          SH:  0    Dex:  9    Spells: 1/1 levels left

rFire   . . .      SeeInvis .   (weapon currently unavailable)
rCold   . . .      Faith    .   (shield currently unavailable)
rNeg    . . .      Spirit   .   (armour currently unavailable)
rPois   .          Reflect  .   (helmet currently unavailable)
rElec   .          Harm     .   (cloak currently unavailable)
rCorr   .          Rampage  .   (gloves currently unavailable)
Will    .....      NoTele   +   (boots currently unavailable)
Stlth   +.........              (no amulet)
HPRegen 0.09/turn               (ring currently unavailable)
MPRegen 0.07/turn               (ring currently unavailable)

@: mighty, pig-form, hasted, very quick
A: fast, no casting, small, (horns 2), (retaliatory headbutt)
a: no special abilities


You were in the Dungeon.
You were a filthy swine.
You visited 1 branch

Inventory:

Hand Weapons
 a - a +0 war axe (melded)
Armour
 b - a +0 scale mail (melded)
 c - a +0 buckler (melded)
Wands
 d - a wand of polymorph (4)
Scrolls
 j - a scroll of blinking
Potions
 e - a potion of curing
 f - a potion of heal wounds
 h - 2 potions of magic
 i - a potion of berserk rage


   Skills:
 + Level 5.3 Fighting
 + Level 3.0 Axes
 + Level 5.2 Armour
 + Level 5.1 Shields
 + Level 0.5 Unarmed Combat


You had one spell level left.
You didn't know any spells.
Your spell library was empty.

Dungeon Overview and Level Annotations

Branches:
Dungeon (1/1)

Altars:


Innate Abilities, Weirdness & Mutations

You are a filthy swine.
You move quickly.
Your equipment is almost entirely melded.
You are incapable of wielding weapons or throwing items.
You cannot cast spells.
((You have a pair of horns on your head.))
((You reflexively headbutt those who attack you in melee.))


Message History

* * * LOW HITPOINT WARNING * * *
You barely miss Ijyb.
Ijyb is almost dead.
You hit Ijyb.
You kill Ijyb!
Your Fighting skill gained 2 levels and is now at level 5!
Your Axes skill increases to level 3!
Your Armour skill gained 2 levels and is now at level 5!
Your Shields skill gained 2 levels and is now at level 5!
You have reached level 2!
d - a wand of polymorph (7)
Things that are here:
a +0 club; a +0 chain mail; the goblin corpse of Ijyb
Okay, then.
You open the door.
An ogre comes into view. It is wielding a +0 giant club.
The ogre shouts!
Aiming: Polymorph
Press: ? - help, Shift-Dir - straight line, f - ogre
Aim: an ogre, wielding a +0 giant club (will become a scorpion, an ice beast, or a wolf, chance to affect: 49%)
The ogre resists with some effort.
Aiming: Polymorph
Press: ? - help, Shift-Dir - straight line, f/p - ogre
Aim: an ogre, wielding a +0 giant club (will become a scorpion, an ice beast, or a wolf, chance to affect: 49%)
The ogre resists with some effort.
Aiming: Polymorph
Press: ? - help, Shift-Dir - straight line, f/p - ogre
Aim: an ogre, wielding a +0 giant club (will become a scorpion, an ice beast, or a wolf, chance to affect: 49%)
The ogre evaporates and reforms as an ice beast!
The ice beast closely misses you.
There is an open door here.
You closely miss the ice beast. The ice beast completely misses you.
You bite the ice beast!
The ice beast is moderately wounded.
You hit the ice beast.
The ice beast is heavily wounded.
The ice beast hits you.
* * * LOW HITPOINT WARNING * * *
The ice beast freezes you.
You die...

##########
#<.#..hY.#
#..').#..+
#..#####+#
#..# #..#
#..# #⌠⌠#
####


You could see an ice beast.

Vanquished Creatures
  Ijyb (D)
1 creature vanquished.

Notes
Turn   | Place    | Note
-------+----------+-------------------------------------------
     0 | D        | Plasmagod the Minotaur Fighter began the quest for the Orb.
     0 | D        | Reached XP level 1. HP: 19/19 MP: 0/0
     3 | D        | Noticed Ijyb
    14 | D        | Killed Ijyb
    15 | D        | Reached skill level 5 in Fighting
    15 | D        | Reached skill level 5 in Armour
    15 | D        | Reached skill level 5 in Shields
    15 | D        | Reached XP level 2. HP: 8/29 MP: 1/1
    18 | D        | Noticed an ogre
    21 | D        | Noticed an ice beast
    21 | D        | an ogre changed into an ice beast
    25 | D        | Slain by an ice beast

Illustrated notes

Levels and vault maps discovered:
D:        dungeon_sprint_1 [red_sonja_temple_1, red_sonja_temple_small_1]

Skill      XL: |  1 |
---------------+----+-----
Fighting       | 5 |  5.3
Axes           | 3 |  3.0
Armour         | 5 |  5.2
Shields        | 5 |  5.1
Unarmed Combat | |  0.5

Action                   || total
-------------------------++-------
Melee: Unarmed           ||    12
       War axe           ||     1
Evoke: Wand              ||     3
  Use: Potion            ||     2
Dodge: Dodged            ||     3
